TOP OF THE 1ST |
Philadelphia Phillies batting - Pitching for Chicago Cubs : RHP Oscar Sanchez
|
Pitching: RHP Oscar Sanchez
|
|
Batting: RHB Paul Molitor
|
0-0: Swinging Strike 0-1: Swinging Strike 0-2: Strikes out swinging
|
Batting: RHB Andy Ramirez
|
0-0: Called Strike 0-1: Ball 1-1: Ground out 4-3 (Groundball, 4, EV 79.4 MPH)
|
Batting: LHB Tony Gwynn
|
0-0: Ball 1-0: Ball 2-0: Called Strike 2-1: Ground out 5-3 (Groundball, 56S, EV 63.8 MPH)
|
Top of the 1st over - 0 runs, 0 hits, 0 errors, 0 left on base; Philadelphia 0 - Chicago 0 |
BOTTOM OF THE 1ST |
Chicago Cubs batting - Pitching for Philadelphia Phillies : RHP Tony Villa
|
Pitching: RHP Tony Villa
|
|
Batting: RHB Gary Ward
|
0-0: Ball 1-0: Ball 2-0: Foul Ball, location: 2F 2-1: Ball 3-1: Called Strike 3-2: Foul Ball, location: 2F 3-2: Strikes out swinging
|
Batting: LHB Johnny Grubb
|
0-0: SINGLE (Line Drive, 56D, EV 96.3 MPH)
|
Batting: LHB Gerald Perry
|
0-0: Called Strike 0-1: Swinging Strike 0-2: Fly out, F7 (Flyball, 7LS, EV 88.1 MPH)
|
Batting: SHB Roy Smalley
|
0-0: Ball 1-0: Called Strike 1-1: Swinging Strike 1-2: Strikes out looking
|
Bottom of the 1st over - 0 runs, 1 hit, 0 errors, 1 left on base; Philadelphia 0 - Chicago 0 |
TOP OF THE 2ND |
Philadelphia Phillies batting - Pitching for Chicago Cubs : RHP Oscar Sanchez
|
Batting: RHB Candy Maldonado
|
0-0: Ball 1-0: Swinging Strike 1-1: Ball 2-1: Ball 3-1: Base on Balls
|
Batting: LHB Andy Guerrero
|
0-0: Called Strike 0-1: Foul Ball, location: 2F 0-2: Ball 1-2: Ball 2-2: Foul Ball, location: 2F 2-2: Foul Ball, location: 2F 2-2: Strikes out looking
|
Batting: RHB Jody Davis
|
0-0: Ball Candy Maldonado is caught stealing 2nd base 2-4 1-0: Called Strike 1-1: Called Strike 1-2: Strikes out swinging
|
Top of the 2nd over - 0 runs, 0 hits, 0 errors, 0 left on base; Philadelphia 0 - Chicago 0 |
BOTTOM OF THE 2ND |
Chicago Cubs batting - Pitching for Philadelphia Phillies : RHP Tony Villa
|
Batting: RHB Houston Jimenez
|
0-0: Called Strike 0-1: Ball 1-1: Called Strike 1-2: Ball 2-2: Foul Ball, location: 2F 2-2: Fly out, F9 (Flyball, 9D, EV 96.9 MPH)
|
Batting: RHB Randy Ready
|
0-0: Called Strike 0-1: Fly out, F4 (Flyball, 34D, EV 88.8 MPH)
|
Batting: LHB Robert Kraft
|
0-0: Ball 1-0: Foul Ball, location: 2F 1-1: Foul Ball, location: 2F 1-2: Foul Ball, location: 2F 1-2: Fly out, F7 (Line Drive, 7, EV 95.6 MPH)
|
Bottom of the 2nd over - 0 runs, 0 hits, 0 errors, 0 left on base; Philadelphia 0 - Chicago 0 |
TOP OF THE 3RD |
Philadelphia Phillies batting - Pitching for Chicago Cubs : RHP Oscar Sanchez
|
Batting: LHB Randy Bush
|
0-0: Ball 1-0: Called Strike 1-1: Called Strike 1-2: Ground out 4-3 (Groundball, 34, EV 85.0 MPH)
|
Batting: LHB Lou Whitaker
|
0-0: Swinging Strike 0-1: Fly out, F2 (Popup, 15S, EV 86.9 MPH)
|
Batting: RHB Tony Villa
|
0-0: Called Strike 0-1: Ball 1-1: Foul Ball, location: 2F 1-2: Strikes out swinging
|
Top of the 3rd over - 0 runs, 0 hits, 0 errors, 0 left on base; Philadelphia 0 - Chicago 0 |
BOTTOM OF THE 3RD |
Chicago Cubs batting - Pitching for Philadelphia Phillies : RHP Tony Villa
|
Batting: RHB Bob Brenly
|
0-0: Swinging Strike 0-1: Foul Ball, location: 2F 0-2: Strikes out swinging
|
Batting: SHB Oscar Sanchez
|
0-0: Ball 1-0: Hit by Pitch
|
Batting: RHB Gary Ward
|
0-0: Ball 1-0: Fly out, F3 (Popup, 3L, EV 72.5 MPH)
|
Batting: LHB Johnny Grubb
|
0-0: Called Strike 0-1: Ball 1-1: Foul Ball, location: 2F 1-2: Fly out, F8 (Line Drive, 8LM, EV 111.9 MPH)
|
Bottom of the 3rd over - 0 runs, 0 hits, 0 errors, 1 left on base; Philadelphia 0 - Chicago 0 |
TOP OF THE 4TH |
Philadelphia Phillies batting - Pitching for Chicago Cubs : RHP Oscar Sanchez
|
Batting: RHB Paul Molitor
|
0-0: Ball 1-0: Ball 2-0: Ball 3-0: SINGLE (Groundball, 56D, EV 98.1 MPH)
|
Batting: RHB Andy Ramirez
|
0-0: Hit by Pitch Paul Molitor to second
|
Batting: LHB Tony Gwynn
|
0-0: Ball 1-0: Ball 2-0: Fly out, F9 (Flyball, 89M, EV 93.8 MPH)
|
Batting: RHB Candy Maldonado
|
0-0: Ball 1-0: Foul Ball, location: 2F 1-1: Fly out, F8 (Line Drive, 8RD, EV 92.5 MPH)
|
Batting: LHB Andy Guerrero
|
0-0: Called Strike 0-1: Swinging Strike 0-2: Ball 1-2: Ball 2-2: Ball 3-2: Strikes out swinging
|
Top of the 4th over - 0 runs, 1 hit, 0 errors, 2 left on base; Philadelphia 0 - Chicago 0 |
BOTTOM OF THE 4TH |
Chicago Cubs batting - Pitching for Philadelphia Phillies : RHP Tony Villa
|
Batting: LHB Gerald Perry
|
0-0: Ball 1-0: Ball 2-0: Ball 3-0: Called Strike 3-1: SINGLE (Groundball, 6MD, EV 94.4 MPH)
|
Batting: SHB Roy Smalley
|
0-0: Ball 1-0: Ball 2-0: Called Strike 2-1: 2-RUN HOME RUN (Flyball, 7D, EV 95.0 MPH), Distance : 381 ft
|
Batting: RHB Houston Jimenez
|
0-0: Ball 1-0: Fly out, F9 (Flyball, 9, EV 86.9 MPH)
|
Batting: RHB Randy Ready
|
0-0: Ball 1-0: Ball 2-0: Fly out, F7 (Line Drive, 7D, EV 88.1 MPH)
|
Batting: LHB Robert Kraft
|
0-0: SINGLE (Groundball, 34S, EV 85.0 MPH) (infield hit)
|
Batting: RHB Bob Brenly
|
0-0: Ball Robert Kraft steals 2nd base 1-0: Intentional Walk
|
Batting: SHB Oscar Sanchez
|
0-0: Called Strike 0-1: Ball 1-1: Called Strike 1-2: Fly out, F9 (Flyball, 9LS, EV 79.4 MPH)
|
Bottom of the 4th over - 2 runs, 3 hits, 0 errors, 2 left on base; Philadelphia 0 - Chicago 2 |
TOP OF THE 5TH |
Philadelphia Phillies batting - Pitching for Chicago Cubs : RHP Oscar Sanchez
|
Batting: RHB Jody Davis
|
0-0: Fly out, F7 (Flyball, 7, EV 88.8 MPH)
|
Batting: LHB Randy Bush
|
0-0: Called Strike 0-1: Called Strike 0-2: Ball 1-2: Strikes out swinging
|
Batting: LHB Lou Whitaker
|
0-0: Ground out 1-3 (Groundball, P, EV 72.5 MPH)
|
Top of the 5th over - 0 runs, 0 hits, 0 errors, 0 left on base; Philadelphia 0 - Chicago 2 |
BOTTOM OF THE 5TH |
Chicago Cubs batting - Pitching for Philadelphia Phillies : RHP Tony Villa
|
Batting: RHB Gary Ward
|
0-0: Ball 1-0: Swinging Strike 1-1: Called Strike 1-2: Foul Ball, location: 2F 1-2: Reached on error, E5 (Groundball, 56, EV 86.9 MPH)
|
Batting: LHB Johnny Grubb
|
0-0: Ball 1-0: Foul Ball, location: 2F 1-1: Grounds into double play, 4-6-3 (Groundball, 4, EV 85.6 MPH)
|
Batting: LHB Gerald Perry
|
0-0: Ball 1-0: Called Strike 1-1: Ground out 6-3 (Groundball, 6, EV 82.5 MPH)
|
Bottom of the 5th over - 0 runs, 0 hits, 1 error, 0 left on base; Philadelphia 0 - Chicago 2 |
TOP OF THE 6TH |
Philadelphia Phillies batting - Pitching for Chicago Cubs : RHP Oscar Sanchez
|
Batting: RHB Tony Villa
|
0-0: Ball 1-0: Ball 2-0: Called Strike 2-1: Ball 3-1: Foul Ball, location: 2F 3-2: Strikes out swinging
|
Batting: RHB Paul Molitor
|
0-0: Called Strike 0-1: Ball 1-1: Ball 2-1: SINGLE (Groundball, 6S, EV 75.0 MPH) (infield hit)
|
Batting: RHB Andy Ramirez
|
0-0: Swinging Strike 0-1: Called Strike 0-2: Fly out, F7 (Line Drive, 7, EV 95.0 MPH)
|
Batting: LHB Tony Gwynn
|
0-0: Called Strike Paul Molitor steals 2nd base 0-1: Ball 1-1: Foul Ball, location: 2F 1-2: Foul Ball, location: 2F 1-2: Ball 2-2: Fly out, F3 (Line Drive, 3, EV 69.4 MPH)
|
Top of the 6th over - 0 runs, 1 hit, 0 errors, 1 left on base; Philadelphia 0 - Chicago 2 |
BOTTOM OF THE 6TH |
Chicago Cubs batting - Pitching for Philadelphia Phillies : RHP Tony Villa
|
Batting: SHB Roy Smalley
|
0-0: Ground out 1-3 (Groundball, 13, EV 78.1 MPH)
|
Batting: RHB Houston Jimenez
|
0-0: Ball 1-0: Fly out, F7 (Flyball, 7, EV 90.0 MPH)
|
Batting: RHB Randy Ready
|
0-0: Ball 1-0: Foul Ball, location: 2F 1-1: Ball 2-1: Foul Ball, location: 2F 2-2: Strikes out swinging
|
Bottom of the 6th over - 0 runs, 0 hits, 0 errors, 0 left on base; Philadelphia 0 - Chicago 2 |
TOP OF THE 7TH |
Philadelphia Phillies batting - Pitching for Chicago Cubs : RHP Oscar Sanchez
|
Batting: RHB Candy Maldonado
|
0-0: Called Strike 0-1: Fly out, F9 (Flyball, 9LS, EV 89.4 MPH)
|
Batting: LHB Andy Guerrero
|
0-0: Called Strike 0-1: Ball 1-1: Foul Ball, location: 2F 1-2: Ground out 4-3 (Groundball, 4, EV 79.4 MPH)
|
Batting: RHB Jody Davis
|
0-0: Called Strike 0-1: Called Strike 0-2: Ball 1-2: Ball 2-2: Foul Ball, location: 2F 2-2: SINGLE (Groundball, 4MS, EV 63.8 MPH) (infield hit)
|
Batting: LHB Randy Bush
|
0-0: Ball 1-0: Fly out, F9 (Flyball, 89M, EV 90.0 MPH)
|
Top of the 7th over - 0 runs, 1 hit, 0 errors, 1 left on base; Philadelphia 0 - Chicago 2 |
BOTTOM OF THE 7TH |
Chicago Cubs batting - Pitching for Philadelphia Phillies : RHP Tony Villa
|
Batting: LHB Robert Kraft
|
0-0: Swinging Strike 0-1: Ball 1-1: Ball 2-1: Foul Ball, location: 2F 2-2: Strikes out looking
|
Batting: RHB Bob Brenly
|
0-0: Called Strike 0-1: Foul Ball, location: 2F 0-2: Ball 1-2: Strikes out looking
|
Batting: SHB Oscar Sanchez
|
0-0: Called Strike 0-1: Ball 1-1: Ball 2-1: Ground out 4-3 (Groundball, 4, EV 91.9 MPH)
|
Bottom of the 7th over - 0 runs, 0 hits, 0 errors, 0 left on base; Philadelphia 0 - Chicago 2 |
TOP OF THE 8TH |
Philadelphia Phillies batting - Pitching for Chicago Cubs : RHP Oscar Sanchez
|
Batting: LHB Lou Whitaker
|
0-0: Swinging Strike 0-1: Foul Ball, location: 2F 0-2: Ball 1-2: Foul Ball, location: 2F 1-2: Strikes out swinging
|
Batting: RHB Tony Villa
|
0-0: Called Strike 0-1: Called Strike 0-2: Ball 1-2: Strikes out swinging
|
Batting: RHB Paul Molitor
|
0-0: Foul Ball, location: 2F 0-1: Ball 1-1: Fly out, F6 (Popup, 6D, EV 48.1 MPH)
|
Top of the 8th over - 0 runs, 0 hits, 0 errors, 0 left on base; Philadelphia 0 - Chicago 2 |
BOTTOM OF THE 8TH |
Chicago Cubs batting - Pitching for Philadelphia Phillies : RHP Tony Villa
|
Batting: RHB Gary Ward
|
0-0: Called Strike 0-1: Called Strike 0-2: Ball 1-2: Fly out, F8 (Flyball, 8RM, EV 89.4 MPH)
|
Batting: LHB Johnny Grubb
|
0-0: Ball 1-0: Called Strike 1-1: Fly out, F5 (Popup, 56S, EV 66.3 MPH)
|
Batting: LHB Gerald Perry
|
0-0: Ball 1-0: SINGLE (Line Drive, 7S, EV 105.6 MPH)
|
Batting: SHB Roy Smalley
|
0-0: Called Strike 0-1: Called Strike Gerald Perry steals 2nd base (no throw) 0-2: Foul Ball, location: 2F 0-2: Ground out U3 (Groundball, 34S, EV 85.6 MPH)
|
Bottom of the 8th over - 0 runs, 1 hit, 0 errors, 1 left on base; Philadelphia 0 - Chicago 2 |
TOP OF THE 9TH |
Philadelphia Phillies batting - Pitching for Chicago Cubs : RHP Oscar Sanchez
|
Now at 2B: Damaso Garcia
|
|
Now in LF: Dave Bergman
|
|
Batting: RHB Andy Ramirez
|
0-0: Ground out 6-3 (Groundball, 6, EV 80.6 MPH)
|
Batting: LHB Tony Gwynn
|
0-0: Ball 1-0: Ball 2-0: Swinging Strike 2-1: Fly out, F8 (Flyball, 8RM, EV 87.5 MPH)
|
Batting: RHB Candy Maldonado
|
0-0: Fly out, F9 (Line Drive, 9D, EV 92.5 MPH)
|
Top of the 9th over - 0 runs, 0 hits, 0 errors, 0 left on base; Philadelphia 0 - Chicago 2 |
|